Map: Blackburn LE

Players

Krystianer

  • Race: Protoss Protoss
  • League: Master

AGOElazer (Elazer) - Winner!

  • Race: Zerg Zerg
  • League: Master

Event: DreamHack SC2 Masters Last Chance 2022

VOD

Have the link to the VOD?

Description

Time

  • Played on: Dec. 17, 2021, 2:25 p.m.
  • Length: 9:11

All games in this series

Show
View Real Time Build Order
Export as new Build Order

Krystianer Protoss 

Build Orders: 1 Gate Expand, Oracle Opening, Archon Immortal, Archon Drop 

Get SALT Encoding   

  12  0:00  Probe  
  13  0:12  Probe  
  14  0:24  Probe  
  14  0:25  Pylon  
  15  0:43  Probe (Chrono Boost)  
  15  0:47  Gateway  
  15  0:49  Assimilator  
  16  0:52  Probe (Chrono Boost)  
  17  0:57  Probe (Chrono Boost)  
  18  1:09  Probe  
  19  1:21  Probe  
  20  1:29  Nexus  
  20  1:38  Cybernetics Core  
  20  1:42  Probe  
  21  1:47  Assimilator  
  22  1:54  Probe  
  22  1:58  Pylon  
  22  2:06  Probe  
  23  2:13  Adept (Chrono Boost)  
  23  2:18  Probe  
  23  2:22  Stargate  
  26  2:31  Probe (Chrono Boost)  
  26  2:33  Adept (Chrono Boost), Warp Gate  
  29  2:41  Probe (Chrono Boost)  
  31  2:50  Probe x2 (Chrono Boost)  
  32  2:55  Probe (Chrono Boost)  
  32  2:56  Probe  
  34  3:03  Oracle (Chrono Boost)  
  34  3:07  Probe  
  34  3:08  Probe  
  39  3:18  Shield Battery  
  39  3:19  Probe  
  40  3:20  Probe  
  41  3:32  Probe x2  
  41  3:40  Stalker  
  41  3:41  Gateway  
  41  3:44  Probe x2, Shield Battery  
  41  3:45  Assimilator  
  43  3:48  Assimilator  
  43  3:50  Pylon  
  43  3:56  Probe  
  43  4:01  Robotics Facility, Probe  
  45  4:08  Probe  
  46  4:11  Gateway  
  46  4:13  Probe  
  47  4:20  Probe  
  47  4:21  Adept  
  50  4:25  Probe  
  50  4:30  Twilight Council  
  51  4:31  Gateway  
  51  4:33  Gateway  
  51  4:36  Pylon  
  53  4:42  Probe  
  53  4:44  Adept  
  54  4:51  Warp Prism (Chrono Boost)  
  54  4:54  Pylon  
  56  5:02  Nexus  
  56  5:05  Probe x2  
  58  5:09  Templar Archives  
  58  5:19  Probe, Forge  
  58  5:20  Probe  
  60  5:22  Pylon  
  60  5:31  Probe  
  60  5:32  Probe  
  62  5:36  Immortal (Chrono Boost)  
  62  5:43  Probe  
  62  5:44  Pylon  
  62  5:45  High Templar x3  
  62  5:46  High Templar  
  62  5:47  Probe  
  72  5:51  Archon x2  
  72  5:55  Probe  
  72  5:59  Probe  
  73  6:08  Immortal (Chrono Boost), Probe  
  78  6:11  Probe  
  78  6:14  Protoss Ground Weapons Level 1  
  78  6:18  Sentry x2  
  83  6:19  Zealot, Probe, Sentry  
  83  6:20  Probe  
  83  6:23  Probe  
  90  6:30  Assimilator  
  90  6:31  Probe  
  90  6:32  Probe  
  91  6:34  Assimilator  
  91  6:37  Immortal (Chrono Boost)  
  95  6:40  Probe  
  95  6:41  Pylon  
  95  6:44  Probe x2  
  98  6:49  Blink (Chrono Boost)  
  98  6:51  Gateway  
  98  6:52  Probe  
  98  6:54  Gateway  
  99  6:56  Probe  
  99  6:59  Shield Battery  
  99  7:00  Probe  
  100  7:05  Probe  
  100  7:06  Immortal (Chrono Boost)  
  100  7:11  Probe  
  105  7:16  Probe  
  105  7:22  Stalker  
  108  7:25  Pylon  
  108  7:26  Pylon  
  108  7:28  Pylon  
  108  7:32  Gateway  
  108  7:34  Gateway  
  106  7:37  Pylon  
  106  7:41  Immortal (Chrono Boost)  
  106  7:42  Robotics Facility  
  106  7:45  Robotics Bay  
  110  7:51  Stalker x3  
  110  7:56  Stalker  
  110  7:58  Stalker  
  120  8:00  Stalker  
  122  8:10  Photon Cannon  
  122  8:16  Probe  
  122  8:17  Observer (Chrono Boost)  
  124  8:29  Stalker x6  
  124  8:30  Probe  
  129  8:35  Zealot x2  
  129  8:39  Probe x2  
  115  8:42  Probe  
  97  8:51  Probe x2  
  97  8:54  Stalker x5  
  101  8:57  Zealot  
  83  9:04  Zealot x2  
Show
View Real Time Build Order
Export as new Build Order

AGOElazer Zerg - Winner!

Build Orders: Hatch First 

Get SALT Encoding   

  12  0:00  Drone  
  13  0:12  Overlord  
  13  0:17  Drone  
  14  0:30  Drone x2  
  16  0:48  Hatchery  
  15  0:51  Drone  
  15  0:55  Drone  
  17  0:59  Drone  
  18  1:08  Extractor  
  17  1:14  Spawning Pool  
  17  1:17  Drone  
  17  1:20  Drone  
  18  1:28  Drone  
  19  1:38  Drone  
  20  1:49  Overlord  
  20  2:00  Queen x2  
  20  2:01  Drone  
  25  2:02  Zergling x2  
  26  2:10  Drone  
  26  2:11  Drone  
  26  2:12  Metabolic Boost  
  28  2:21  Zergling x2  
  28  2:22  Drone  
  30  2:31  Drone  
  30  2:32  Drone  
  30  2:36  Queen  
  34  2:47  Zergling x2, Overlord  
  35  2:53  Hatchery  
  35  2:58  Zergling x2  
  35  2:59  Zergling x2  
  35  3:05  Queen  
  38  3:06  Overlord  
  37  3:13  Drone x2  
  37  3:17  Drone x2  
  41  3:22  Drone  
  41  3:30  Spore Crawler  
  38  3:34  Drone x5  
  43  3:43  Drone  
  44  3:50  Drone x4  
  48  3:56  Queen  
  48  3:58  Spore Crawler  
  48  3:59  Overlord  
  50  4:02  Drone  
  50  4:05  Drone  
  51  4:11  Drone x2  
  51  4:16  Drone x4  
  57  4:18  Drone  
  57  4:19  Drone x2  
  57  4:23  Drone  
  57  4:32  Drone x2  
  59  4:38  Queen  
  59  4:40  Drone x3  
  59  4:42  Extractor  
  59  4:43  Roach Warren, Extractor  
  61  4:46  Drone  
  61  4:47  Drone x4  
  66  4:53  Overlord x2  
  66  5:00  Lair  
  66  5:07  Overlord  
  66  5:12  Zergling x2  
  66  5:13  Zergling x14  
  74  5:20  Hatchery, Evolution Chamber  
  72  5:26  Overlord  
  72  5:27  Drone x6  
  72  5:28  Drone x2  
  78  5:33  Drone x2  
  79  5:38  Drone  
  79  5:40  Queen  
  82  5:44  Queen  
  82  5:45  Extractor  
  82  5:46  Overlord  
  83  5:53  Roach  
  83  5:54  Roach x3  
  83  5:56  Roach x2  
  94  5:59  Glial Reconstitution  
  94  6:01  Extractor  
  93  6:05  Roach x2  
  97  6:17  Drone x9  
  105  6:30  Drone x3, Extractor  
  105  6:31  Overlord  
  106  6:34  Roach x3  
  106  6:36  Overlord  
  112  6:42  Overlord x2  
  112  6:43  Overlord  
  112  6:52  Roach x4, Overlord  
  112  6:53  Overlord  
  120  6:57  Roach x4  
  128  7:06  Roach x8  
  142  7:17  Roach x10  
  162  7:26  Roach x3  
  162  7:27  Overlord  
  164  7:42  Roach  
  166  7:51  Roach x4  
  166  7:53  Overlord  
  166  7:55  Overlord x2  
  166  7:57  Zergling x2  
  175  8:10  Overlord  
  175  8:12  Ravager  
  175  8:13  Ravager x10  
  175  8:14  Ravager x2  
  175  8:15  Zergling x22  
  189  8:36  Zergling x4  
  189  8:37  Zergling x22  
  167  8:41  Roach  
  167  8:42  Roach x3  
  167  8:47  Roach x4  

Tags
 
Add a new tag
Caveats
  • Supply blocks, unpowered buildings, or Contaminate may cause inaccurate times.
  • Supply counts are checked every 10 seconds.